 Dungeon Crawl Stone Soup version 0.31-a0-692-gf03d1854d5 (webtiles) character file.

Game seed: 5540489851011327257

77 qw the Shooter (level 4, 0/28 HPs)
             Began as a Gargoyle Hunter on Sept 6, 2023.
             Slain by an orc
             ... wielding a +0 mace
              (1 damage)
             ... on level 3 of the Dungeon.
             The game lasted 00:00:42 (1817 turns).

qw the Shooter (Gargoyle Hunter)                    Turns: 1817, Time: 00:00:43

Health: 0/28       AC:  8    Str: 15    XL:     4   Next: 34%
Magic:  4/4        EV: 11    Int:  9    God:
Gold:   51         SH:  0    Dex: 15    Spells: 3/3 levels left

rFire   + . .        Y - +0 shortbow
rCold   . . .        (shield currently unavailable)
rNeg    + . .        b - +0 ring mail
rPois   inf          (no helmet)
rElec   +            (no cloak)
rCorr   .            (no gloves)
SInv    .            (no boots)
Will    +....        (no amulet)
Stlth   +            a - ring of protection from fire
HPRegen 0.24/turn    f - ring of willpower
MPRegen 0.09/turn

%: no passive effects
@: no status effects
A: sickness immunity, AC +3, negative energy resistance 1, electricity
resistance, torment resistance 1, petrification resistance
a: no special abilities


You were on level 3 of the Dungeon.
You visited 1 branch of the dungeon, and saw 3 of its levels.

You collected 51 gold pieces.


Innate Abilities, Weirdness & Mutations

You are immune to sickness and miasma.
Your stone body is resilient. (AC +3)
You are immune to poison.
You resist negative energy. (rN+)
You are resistant to electric shocks. (rElec)
You are resistant to unholy torment.
You are immune to petrification.


   Skills:
 - Level 3.0 Fighting
 + Level 5.2 Ranged Weapons
 - Level 1.1 Armour
 - Level 1.5 Dodging
 - Level 1.1 Stealth


You had 3 spell levels left.
You didn't know any spells.
Your spell library was empty.

Inventory:

Hand Weapons
 Y - a +0 shortbow (weapon)
Armour
 b - a +0 ring mail (worn)
Jewellery
 a - a ring of protection from fire (left hand)
 f - a ring of willpower (right hand)
Potions
 c - 2 potions of might {unknown}
 d - 2 potions of degeneration {unknown}
 e - 2 potions of curing
 h - a potion of ambrosia {unknown}
 j - a potion of mutation {unknown}

Dungeon Overview and Level Annotations

Branches:
Dungeon (3/15)

Altars:

Annotations:
D:3 Robin


Message History

1813 |||
Found retreat position at 0,1 (goblin; floor) with 0 blocking monsters and 2 monsters attacking at destination at distance 1 You shoot an arrow.
The arrow hits the adder.
You kill the adder!
The orc hits you but does no damage. The goblin barely misses you.
The goblin closely misses you.
A goblin comes into view. It is wielding a +0 club.
Your Armour skill increases to level 1!
1814 |||
Found retreat position at 0,1 (goblin; floor) with 0 blocking monsters and 2 monsters attacking at destination at distance 1 You shoot an arrow.
The goblin shouts!
The arrow hits the orc.
The orc is heavily wounded.
The orc barely misses you. The goblin closely misses you. x2
The orc closely misses you. The orc barely misses you.
A hobgoblin comes into view.
The goblin barely misses you. The goblin misses you.
Robin roars a battlecry!
The hobgoblin goes into a battle-frenzy!
You hear a shout!
1815 |||
Found retreat position at 0,1 (goblin; floor) with 0 blocking monsters and 2 monsters attacking at destination at distance 1 You shoot an arrow.
The arrow hits the orc!
You kill the orc!
The goblin no longer looks unusually strong.
The orc closely misses you. The goblin hits you with a +0 dagger.
A goblin comes into view. It is wielding a +0 club.
The goblin hits you but does no damage.
Robin roars a battlecry!
The goblin goes into a battle-frenzy!
The goblin hits you with a +0 club.
1816 |||
Found retreat position at 0,1 (goblin; floor) with 0 blocking monsters and 2 monsters attacking at destination at distance 1 You shoot an arrow.
The arrow hits the orc.
The orc is lightly wounded.
The orc hits you with a +0 mace. The goblin hits you with a +0 dagger.
The goblin misses you. The goblin hits you with a +0 club.
1817 |||
Found retreat position at 0,1 (goblin; floor) with 0 blocking monsters and 2 monsters attacking at destination at distance 1 You shoot an arrow.
The arrow barely misses the orc.
The arrow barely misses Robin.
The arrow hits the orc.
The orc is heavily wounded.
The orc hits you with a +0 mace.
You die... ........# .g......# #gg

....# #g###...#
#. #####g#.....#
...
....gog.....###.#
####g#K#........
###ogo#.....##.
#.g@###...[..#
#.#g# #....#...
.. #.#####%.###.
#. #.#.....## ..
#...##### .#
#..## ##..#
##...# ###...##


You could see Robin, 3 orcs, 3 hobgoblins, 7 goblins and a kobold.

Vanquished Creatures
  An adder (D:3)
  2 worms (D:2)
  3 dart slugs
  An orc (D:3)
  7 ball pythons
  9 bats
  3 endoplasms
  2 giant cockroaches
  7 goblins
  3 hobgoblins (D:1)
  7 quokkas
  3 rats (D:1)
48 creatures vanquished.

Notes
Turn   | Place    | Note
-------+----------+-------------------------------------------
     0 | D:1      | qw the Gargoyle Hunter began the quest for the Orb.
     0 | D:1      | Reached XP level 1. HP: 12/12 MP: 1/1
     0 | D:1      | 0 ||| qw: Version: 0.3-a-76-g4403597
     0 | D:1      | 0 ||| qw: Game counter: 143
     0 | D:1      | 0 ||| qw: Melee chars always use a shield: true
     0 | D:1      | 0 ||| qw: God list: Okawaru
     0 | D:1      | 0 ||| qw: Allow faded altars: false
     0 | D:1      | 0 ||| qw: Do Orc after clearing Dungeon:15 true
     0 | D:1      | 0 ||| qw: Do second Lair branch before Depths: true
     0 | D:1      | 0 ||| qw: Lair rune preference: random
     0 | D:1      | 0 ||| qw: Goals: Normal
     0 | D:1      | 0 ||| PLANNING D:1-11
   117 | D:1      | Reached XP level 2. HP: 17/17 MP: 2/2
   401 | D:1      | Reached XP level 3. HP: 21/21 MP: 3/3
   533 | D:1      | Reached skill level 5 in Ranged Weapons
  1041 | D:1      | 1041 ||| READING scroll labelled PYBLOCSULUL.
  1042 | D:1      | 1042 ||| READING 3 scrolls labelled ENTEAL VAIN.
  1043 | D:1      | 1043 ||| READING scroll labelled FUYT DIYNEANEFISONK.
  1044 | D:1      | 1044 ||| READING scroll labelled VEDGHIUDDAR.
  1045 | D:1      | 1045 ||| DROPPING scroll of butterflies.
  1046 | D:1      | 1046 ||| DROPPING 2 scrolls of vulnerability.
  1281 | D:2      | Found a faded altar of an unknown god.
  1378 | D:2      | Reached skill level 3 in Fighting
  1514 | D:2      | Reached XP level 4. HP: 28/28 MP: 4/4
  1640 | D:2      | 1640 ||| UPGRADING to +0 ring mail.
  1650 | D:2      | 1650 ||| DROPPING +0 leather armour.
  1651 | D:2      | 1651 ||| UPGRADING to ring of protection from fire.
  1652 | D:2      | 1652 ||| UPGRADING to ring of willpower.
  1653 | D:2      | 1653 ||| DROPPING ring of magical power.
  1654 | D:2      | 1654 ||| READING scroll labelled KOTEAD JOUGOU.
  1655 | D:2      | 1655 ||| DRINKING 3 red potions.
  1797 | D:3      | 1797 ||| RETREATING.
  1803 | D:3      | 1803 ||| Stepping ~*~*~tactically~*~*~ (retreating).
  1804 | D:3      | Noticed Robin
  1805 | D:3      | 1805 ||| Stepping ~*~*~tactically~*~*~ (retreating).
  1806 | D:3      | 1806 ||| Stepping ~*~*~tactically~*~*~ (retreating).
  1814 | D:3      | Reached skill level 1 in Armour
  1816 | D:3      | HP: 7/28 [orc/+0 mace (2)]
  1816 | D:3      | HP: 1/28 [goblin/+0 club[Robin] (4)]
  1817 | D:3      | Slain by an orc

Levels and vault maps discovered:
D:1:      dpeg_arrival_boxorama, layout_loops_corners,
          chequers_decorated_corner, minmay_pentomino_s4
D:2:      layout_loops_cross, basic_ecumenical_altar
D:3:      layout_rooms, nicolae_gozag_cash_rules_everything_around_me,
          kennysheep_decorative_pillar, uniq_robin

Skill      XL: |  1  2  3  4 |
---------------+-------------+-----
Ranged Weapons | 5 |  5.2
Fighting       | 3 |  3.0
Armour         | 1 |  1.1
Dodging        | |  1.5
Stealth        | |  1.1

Action                     |  1- 3 |  4- 6 || total
---------------------------+-------+-------++-------
   Fire: Shortbow          |   134 |    38 ||   172
    Use: Scroll            |     4 |     1 ||     5
         Potion            |       |     1 ||     1
 Armour: Leather armour    |    31 |       ||    31
         Ring mail         |       |    41 ||    41
  Dodge: Dodged            |    29 |    39 ||    68

Table legend:
 A = Non-vault XP
 B = Vault XP
 C = Vault XP percentage of total XP
 D = Non-vault monster count
 E = Vault monster count
 F = Vault count percentage of total count
                 A         B        C        D         E       F
            +---------+---------+-------+---------+---------+-------
      Total |     106 |       5 |   4.5 |      45 |       3 |   6.2
            +---------+---------+-------+---------+---------+-------
        D:1 |      56 |       5 |   8.2 |      30 |       3 |   9.1
        D:2 |      26 |       0 |   0.0 |       9 |       0 |   0.0
        D:3 |      24 |       0 |   0.0 |       6 |       0 |   0.0
            +---------+---------+-------+---------+---------+-------
